 Dungeon Sprint DCSS version 0.23.1 (webtiles) character file.

Game seed: 14271721488930041384

746 nuthulu the Unseen (level 7, -2/32 HPs)
             Began as a Spriggan Enchanter on Mar 7, 2019.
             Was an Initiate of Dithmenos.
             Slain by a polar bear (4 damage)
             ... in the Dungeon (Sprint II: "The Violet Keep of Menkaure").
             The game lasted 00:03:18 (561 turns).

nuthulu the Unseen (Spriggan Enchanter)              Turns: 561, Time: 00:03:18

Health: -2/32      AC:  3    Str:  4    XL:     7   Next: 48%
Magic:  12/21      EV: 18    Int: 17    God:    Dithmenos [......]
Gold:   614        SH:  0    Dex: 18    Spells: 13/25 levels left

rFire    . . .     SeeInvis +   a - +1 dagger
rCold    . . .     Gourm    .   (shield restricted)
rNeg     . . .     Faith    .   b - +0 robe
rPois    .         Spirit   .   (helmet restricted)
rElec    .         Reflect  .   c - +0 cloak {+Inv}
rCorr    .         Harm     .   (gloves unavailable)
MR       +....     NoTele   +   (boots unavailable)
Stlth    +++++++...             (no amulet)
HPRegen  0.10/turn              (no ring)
MPRegen  0.17/turn              (no ring)

@: very quick
A: very small, unfitting armour, see invisible, herbivore, speed 3, slow
metabolism 2
a: Renounce Religion, Evoke Invisibility


You were in the Dungeon.
You worshipped Dithmenos.
Dithmenos was noncommittal.
You were not hungry.

You visited 1 branch You collected 729 gold pieces.
You spent 115 gold pieces at shops.

Inventory:

Hand Weapons
 a - a +1 dagger (weapon)
Armour
 b - a +0 robe (worn)
 c - a +0 cloak of invisibility (worn)
Scrolls
 j - a scroll of blinking
Potions
 f - a potion of heal wounds
 g - a potion of haste
 h - 2 potions of magic
Comestibles
 d - a ration


   Skills:
 - Level 1.1 Short Blades
 - Level 3.0 Dodging
 * Level 17.4 Stealth
 - Level 9.5 Spellcasting
 - Level 9.9 Hexes
 + Level 4.3 Evocations


You had 13 spell levels left.
You knew the following spells:

 Your Spells              Type           Power        Failure   Level  Hunger
a - Corona                Hex            #####..      1%          1    None
b - Ensorcelled Hibernat  Hex/Ice        ###...       1%          2    None
c - Confuse               Hex            #####...     1%          3    None
d - Tukima's Dance        Hex            #####...     1%          3    None
e - Dazzling Spray        Conj/Hex       ###...       3%          3    None

Your spell library contained the following spells:

 Spells                   Type           Power        Failure   Level  Hunger


Dungeon Overview and Level Annotations

Branches:
Dungeon (1/1)

Altars:
Cheibriados
Dithmenos
Elyvilon
Fedhas
Gozag
Hepliaklqana
Kikubaaqudgha
Makhleb
Nemelex Xobeh
Okawaru
Qazlal
Ru
Sif Muna
Trog
Uskayaw
Vehumet
Wu Jian
Xom
Yredelemnul
Zin
The Shining One
Beogh
Jiyva
Lugonu

Shops:
D :!:!}=}[[(=[[%[?

Annotations:
D exclusion: oklob plant


Innate Abilities, Weirdness & Mutations

You are very small and have problems with some larger weapons.
You are too small for most types of armour.
You have supernaturally acute eyesight. (SInv)
You are a herbivore.
You cover ground extremely quickly.
You need to consume almost no food.


Message History

* * * LOW HITPOINT WARNING * * *
The polar bear claws you but does no damage.
The polar bear completely misses you. The polar bear barely misses you.
The polar bear misses you. The polar bear closely misses you.
The polar bear claws you.
* * * LOW HITPOINT WARNING * * *
The polar bear misses you.
Unknown command.
Unknown command.
Unknown command.
You hit the yaktaur.
The yaktaur is lightly wounded.
You feel yourself speed up. The yaktaur closely misses you.
The polar bear bites you but does no damage.
The polar bear claws you.
* * * LOW HITPOINT WARNING * * *
The polar bear completely misses you. The polar bear misses you.
The polar bear barely misses you. The polar bear claws you.
You die...

#....# ...# ###..## #..#
$#▓?$$!$$ #†##..# +.^#
.#▓(!!?$! ##..#..# #..#
.#▓%($[!(
'.##+..####..##.#▓?%[)?%
##..#....###...##▓▓▓▓▓▓▓
##†##...§..≈≈≈≈≈≈≈≈≈≈≈≈≈
####≈≈§....≈#'########+#
†#≈≈≈≈≈≈≈..≈#_yh@_...#≈≈
##≈§≈≈≈≈≈≈.≈#._hc._._#§§
#≈≈≈§§§≈≈≈§≈#_._._._.#§§
≈≈≈§≈≈≈≈≈≈≈§#._._._._#§§
++#≈≈§§≈≈§≈≈#.._._._.#§§
##§≈§###≈≈#..._._._#≈§
#≈≈#...._._.#§§
#≈≈#....._..#§§
≈≈≈§§≈##########≈≈


You could see 2 polar bears, a yaktaur and a hornet.

Vanquished Creatures
  A polar bear (D)
  2 hippogriffs (D)
  Menkaure (D)
  4 worker ants (D)
  3 worms (D)
11 creatures vanquished.

Vanquished Creatures (others)
  A crocodile (D)
1 creature vanquished.

Grand Total: 12 creatures vanquished

Notes
Turn   | Place    | Note
-------+----------+-------------------------------------------
     0 | D        | nuthulu the Spriggan Enchanter began the quest for the Orb.
     0 | D        | Reached XP level 1. HP: 9/9 MP: 5/5
     1 | D        | Noticed a worker ant
     1 | D        | Noticed a worker ant
     9 | D        | Killed a worker ant
     9 | D        | Reached skill level 7 in Stealth
     9 | D        | Reached XP level 2. HP: 4/13 MP: 5/8
    52 | D        | Learned a level 2 spell: Ensorcelled Hibernation
    63 | D        | Killed a crocodile
   247 | D        | Reached skill level 8 in Stealth
   247 | D        | Reached skill level 5 in Hexes
   247 | D        | Reached XP level 3. HP: 16/16 MP: 7/10
   252 | D        | Learned a level 3 spell: Confuse
   256 | D        | Learned a level 3 spell: Tukima's Dance
   258 | D        | Reached skill level 9 in Stealth
   258 | D        | Reached skill level 5 in Spellcasting
   258 | D        | Reached XP level 4. HP: 21/21 MP: 9/12
   261 | D        | Reached skill level 10 in Stealth
   284 | D        | Learned a level 3 spell: Dazzling Spray
   287 | D        | Noticed a hippogriff
   287 | D        | Noticed a hippogriff
   290 | D        | Killed a hippogriff
   290 | D        | Reached skill level 13 in Stealth
   290 | D        | Reached XP level 5. HP: 24/24 MP: 13/16
   296 | D        | Killed a hippogriff
   296 | D        | Reached skill level 15 in Stealth
   296 | D        | Reached XP level 6. HP: 28/28 MP: 14/19
   327 | D        | Found Uxunlego's Magic Scroll Shop.
   327 | D        | Found Zunuim's Antique Armour Boutique.
   327 | D        | Found Luyq's Armour Shop.
   327 | D        | Found Bifuph's Armour Shop.
   327 | D        | Found Ihoeqi's Antique Weapon Boutique.
   327 | D        | Found Jiplarcha's Jewellery Boutique.
   327 | D        | Found Jesosoc's Antique Armour Shop.
   328 | D        | Found Tiepohoss's Antique Armour Shop.
   329 | D        | Found Bioxkas's Gadget Shop.
   329 | D        | Found Jyrer's Jewellery Boutique.
   329 | D        | Noticed a slime creature
   331 | D        | Found Doybu's Food Boutique.
   331 | D        | Noticed Menkaure
   331 | D        | Noticed a slime creature
   337 | D        | Killed Menkaure
   337 | D        | Reached skill level 16 in Stealth
   337 | D        | Reached XP level 7. HP: 32/32 MP: 21/21
   343 | D        | Found Eprelaz's Gadget Shop.
   343 | D        | Found Cumig's Distillery.
   343 | D        | Noticed a slime creature
   343 | D        | Noticed an oklob plant
   344 | D        | Found Oleulolu's Distillery.
   344 | D        | Found Yssohoy's Book Boutique.
   344 | D        | Found Moneaf's Book Shoppe.
   347 | D        | Noticed an unseen horror
   354 | D        | Bought a +0 cloak of invisibility for 115 gold pieces
   368 | D        | Noticed an iron elemental
   368 | D        | Noticed an unseen horror
   402 | D        | Found an iron altar of Okawaru.
   402 | D        | Found an opulent altar of Gozag.
   403 | D        | Found a sparkling altar of Nemelex Xobeh.
   403 | D        | Found a blossoming altar of Fedhas.
   404 | D        | Found a radiant altar of Vehumet.
   404 | D        | Found a burning altar of Makhleb.
   404 | D        | Found a white marble altar of Elyvilon.
   405 | D        | Found a hide-covered altar of Uskayaw.
   405 | D        | Found a corrupted altar of Lugonu.
   405 | D        | Found a shadowy altar of Dithmenos.
   406 | D        | Found a glowing silver altar of Zin.
   406 | D        | Found a bloodstained altar of Trog.
   406 | D        | Found an ancient bone altar of Kikubaaqudgha.
   407 | D        | Found a basalt altar of Yredelemnul.
   407 | D        | Found a deep blue altar of Sif Muna.
   407 | D        | Found a viscous altar of Jiyva.
   408 | D        | Found a shimmering altar of Xom.
   408 | D        | Found a sacrificial altar of Ru.
   410 | D        | Found a glowing golden altar of the Shining One.
   410 | D        | Found an ornate altar of the Wu Jian Council.
   410 | D        | Found a stormy altar of Qazlal.
   410 | D        | Found a snail-covered altar of Cheibriados.
   410 | D        | Found a hazy altar of Hepliaklqana.
   410 | D        | Noticed a hornet
   410 | D        | Noticed a polar bear
   411 | D        | Found a roughly hewn altar of Beogh.
   411 | D        | Noticed a yaktaur
   418 | D        | Became a worshipper of Dithmenos the Shadowed
   539 | D        | Noticed a polar bear
   541 | D        | Noticed a polar bear
   552 | D        | Killed a polar bear
   552 | D        | Reached skill level 17 in Stealth
   561 | D        | Slain by a polar bear

Skill      XL: |  1  2  3  4  5  6  7 |
---------------+----------------------+-----
Stealth        | 7 8 9 13 15 16 17 | 17.4
Spellcasting   | 4 5 7 9 |  9.5
Hexes          | 4 5 8 9 |  9.9
Evocations     | 4 |  4.3
Short Blades   | |  1.1
Dodging        | |  3.0

Action                   |  1- 3 |  4- 6 |  7- 9 || total
-------------------------+-------+-------+-------++-------
Melee: Dagger            |     7 |     8 |    12 ||    27
 Cast: Corona            |     1 |       |       ||     1
       Ensorcelled Hiber |     1 |       |       ||     1
       Dazzling Spray    |       |       |     3 ||     3
       Confuse           |       |       |     1 ||     1
  Use: Potion            |     1 |       |     1 ||     2
 Stab: Sleeping          |     2 |     7 |       ||     9
       Confused          |       |       |     1 ||     1
Armor: Robe              |       |       |     5 ||     5
Dodge: Dodged            |     3 |       |    29 ||    32
